 Dungeon Crawl Stone Soup version 0.30-a0-782-ge64f9170bb (webtiles) character file.

Game seed: 15928174486807949556

19224 Bnni the Severer (level 13, -1/108 HPs)
             Began as a Formicid Fighter on Feb 24, 2023.
             Was an Elder of Cheibriados.
             Slain by a 12-headed hydra (11 damage)
             ... on level 12 of the Dungeon.
             The game lasted 00:25:42 (11863 turns).

Bnni the Severer (Formicid Fighter)                Turns: 11863, Time: 00:25:43

Health: -1/108     AC: 21    Str: 32    XL:     13   Next: 3%
Magic:  3/21       EV:  8    Int: 24    God:    Cheibriados [****..]
Gold:   929        SH:  6    Dex: 23    Spells: 12/12 levels left

rFire   + . .      SeeInvis +    L - +1 war axe (venom)
rCold   . . .      Faith    .    c - +0 buckler
rNeg    . . .      Spirit   .    t - +8 chain mail of Taph {+Blink Int+2}
rPois   +          Reflect  .    (helmet unavailable)
rElec   .          Harm     .    u - +2 cloak
rCorr   .          Rampage  .    H - +0 pair of gloves
Will    +....                    (no boots) Stlth
                                 (no amulet)
HPRegen 0.38/turn                f - ring of poison resistance
MPRegen 0.17/turn                I - ring of protection from fire

@: very slow
A: permanent stasis, dig shafts and tunnels, antennae 3, four strong arms
a: Dig, Shaft Self, Renounce Religion, Bend Time, Temporal Distortion, Slouch


You were on level 12 of the Dungeon.
You worshipped Cheibriados.
Cheibriados was greatly pleased with you.
You visited 2 branches of the dungeon, and saw 13 of its levels.
You also visited: Bailey.

You collected 1028 gold pieces.
You spent 99 gold pieces at shops.

Inventory:

Hand Weapons
 G - a +0 battleaxe
 L - a +1 war axe of venom (weapon)
Missiles
 x - 37 poisoned darts
Armour
 c - a +0 buckler (worn)
 t - the +8 chain mail of Taph (worn) {+Blink Int+2}
   (You found it on level 4 of the Dungeon)

   Int:       It affects your intelligence (+2).
   +Blink:    It lets you blink.
 u - a +2 cloak (worn)
 H - a +0 pair of gloves (worn)
Jewellery
 f - a ring of poison resistance (left hand)
 I - a ring of protection from fire (right hand)
Wands
 j - a wand of polymorph (4)
 F - a wand of roots (17)
 K - a wand of flame (19)
 M - a wand of paralysis (4)
Scrolls
 b - 4 scrolls of blinking {unknown}
 d - 2 scrolls of brand weapon {unknown}
 e - 2 scrolls of noise {unknown}
 g - 3 scrolls of immolation {unknown}
 k - a scroll of amnesia {unknown}
 p - 3 scrolls of teleportation {unknown}
 v - 4 scrolls of fog {unknown}
 w - 3 scrolls of magic mapping {unknown}
 y - 4 scrolls of fear {unknown}
 A - a scroll of acquirement {unknown}
 B - a scroll of summoning {unknown}
 C - 3 scrolls of enchant armour
 D - 3 scrolls of vulnerability {unknown}
 E - a scroll of enchant weapon
Potions
 a - a potion of magic {unknown}
 h - 4 potions of brilliance
 i - 3 potions of berserk rage {unknown}
 l - 4 potions of flight
 m - a potion of attraction {unknown}
 n - 2 potions of heal wounds
 q - 4 potions of mutation {unknown}
 r - 2 potions of cancellation
 s - 2 potions of ambrosia {unknown}
 z - 4 potions of curing {unknown}
 J - 3 potions of might


   Skills:
 + Level 12.1 Fighting
 * Level 15.0 Axes
 - Level 3.2 Armour
 - Level 4.0 Shields
 + Level 11.2 Invocations


You had 12 spell levels left.
You didn't know any spells.
Your spell library contained the following spells:

 Spells                   Type           Power      Damage    Failure   Level
 Ensorcelled Hibernation  Hex/Ice        0%         N/A       77%         2
 Ignite Poison            Fire/Tmut/Pois 0%         N/A       94%         3
 Kindle Blastsparks       Fire/Tloc/Air  0%         2d10      94%         3
 Ozocubu's Armour         Ice            0%         N/A       94%         3
 Spider Form              Tmut/Pois      0%         N/A       94%         3
 Anguish                  Hex/Necr       0%         N/A       100%        4
 Freezing Cloud           Conj/Ice/Air   0%         6-21      100%        5
 Metabolic Englaciation   Hex/Ice        0%         N/A       100%        5
 Simulacrum               Ice/Necr       0%         N/A       100%        6


Dungeon Overview and Level Annotations

Branches:
Dungeon (12/15)            Temple (1/1) D:5            Lair (0/5) D:11
    Orc (0/2) D:9          Bailey (visited)

Altars:
Ashenzari
Cheibriados
Dithmenos
Elyvilon
Fedhas
Gozag
Hepliaklqana
Kikubaaqudgha
Makhleb
Nemelex Xobeh
Okawaru
Qazlal
Ru
Sif Muna
Trog
Uskayaw
Vehumet
Xom
Yredelemnul

Shops:
D:7 *   D:9 [   D:12 :


Innate Abilities, Weirdness & Mutations

You cannot be hasted, slowed, berserked, paralysed or teleported.
You can dig through walls and to a lower floor.
You have a pair of large antennae on your head. (SInv)
Your four strong arms can wield two-handed weapons with a shield.


Message History

You step out of the flow of time.
You return to the normal time flow.
You can no longer step out of the flow of time.
Cheibriados lowers the support of your attributes as your movement quickens.
You feel sick.
You are no longer poisoned.
The 12-headed hydra roars!
The 12-headed hydra bites you.
* * * LOW HITPOINT WARNING * * *
The 12-headed hydra closely misses you.
The 12-headed hydra bites you but does no damage. x3
The 12-headed hydra bites you.
* * * LOW HITPOINT WARNING * * *
The 12-headed hydra bites you but does no damage. x2
The 12-headed hydra completely misses you.
The 12-headed hydra bites you but does no damage. x3
Okay, then.
Okay, then.
You feel much better.
The 12-headed hydra bites you but does no damage.
The 12-headed hydra bites you.
* * * LOW HITPOINT WARNING * * *
The 12-headed hydra bites you but does no damage.
The 12-headed hydra bites you.
* * * LOW HITPOINT WARNING * * *
You block the 12-headed hydra's attack.
The 12-headed hydra bites you but does no damage.
You block the 12-headed hydra's attack.
The 12-headed hydra bites you but does no damage. x2
The 12-headed hydra bites you!
* * * LOW HITPOINT WARNING * * *
The 12-headed hydra completely misses you.
The 12-headed hydra bites you.
* * * LOW HITPOINT WARNING * * *
Are you sure you want to shaft yourself?
The 12-headed hydra bites you but does no damage.
You block the 12-headed hydra's attack. The 12-headed hydra bites you.
* * * LOW HITPOINT WARNING * * *
The 12-headed hydra bites you but does no damage. x2
The 12-headed hydra bites you!
You die...

#...###### #......
#.........
#..<...######.........
.............######..
...(######..#....#..
...# +..'....#.. #..#
#..#....#.. #.)#
#..#....#.. #D@#
#..#+####..
#..######..........
#..................
#..................
#......#####'##....
#......#......#....
#......#......#.[..
#......≈≈.≈≈..#....
####..≈≈≈.≈≈≈.#....


You could see a 12-headed hydra.

Vanquished Creatures
  Gastronok (D:8)
  A boulder beetle (D:12)
  6 two-headed ogres
  Nergalle (D:11)
  An orc knight (D:10)
  2 manticores (D:11)
  A cyclops (D:11)
  Maurice (D:10)
  2 kobold demonologists (D:11)
  A rime drake (D:11)
  A troll (D:11)
  A hornet (D:8)
  A shadow (D:12)
  A wyvern (D:9)
  3 spriggans (Bailey)
  2 wraiths
  16 yaks
  7 vampire mosquitoes
  3 steam dragons
  An acid dragon (D:9)
  3 sky beasts
  6 orc warriors
  9 ice beasts
  3 ogres
  3 wolves (D:11)
  3 centaurs
  2 phantoms
  7 kobold brigands
  A gnoll sergeant (D:9)
  2 bullfrogs
  6 necrophages
  4 wights (D:7)
  7 killer bees
  3 electric eels
  5 howler monkeys
  8 orc priests
  2 gnoll boudas
  5 hounds
  A jelly (D:5)
  9 orc wizards
  6 iguanas
  18 gnolls
  13 adders
  3 shadow imps (D:6)
  2 white imps
  2 ufetubi
  2 worms
  A dart slug (D:2)
  48 orcs
  10 ball pythons
  6 bats
  6 endoplasms
  6 giant cockroaches
  10 goblins
  11 hobgoblins
  7 jackals
  39 kobolds
  A quokka (D:1)
  5 frilled lizards
  6 rats
344 creatures vanquished.

Vanquished Creatures (others)
  A kobold (D:11)
  8 fungi
9 creatures vanquished.

Grand Total: 353 creatures vanquished

Notes
Turn   | Place    | Note
-------+----------+-------------------------------------------
     0 | D:1      | Bnni the Formicid Fighter began the quest for the Orb.
     0 | D:1      | Reached XP level 1. HP: 18/18 MP: 1/1
    59 | D:1      | Reached XP level 2. HP: 6/24 MP: 2/2
   366 | D:1      | Reached XP level 3. HP: 30/30 MP: 3/3
   481 | D:1      | Reached skill level 3 in Axes
  1068 | D:2      | Reached XP level 4. HP: 37/37 MP: 4/4
  1640 | D:3      | Reached skill level 4 in Axes
  1640 | D:3      | Reached XP level 5. HP: 42/42 MP: 5/5
  1681 | D:3      | Found a stormy altar of Qazlal.
  1802 | D:3      | You fall into a shaft and drop 3 floors!
  1901 | D:6      | Noticed a phantom
  1925 | D:6      | Killed a phantom
  1926 | D:6      | Reached XP level 6. HP: 18/50 MP: 6/6
  2046 | D:6      | Identified the +2 spear of Yredelemnul's Hatred {drain,
                  | rF+}
  2069 | D:5      | Entered Level 5 of the Dungeon
  2081 | D:5      | Reached skill level 5 in Axes
  2373 | D:3      | Reached skill level 5 in Fighting
  2543 | D:4      | Identified the +8 chain mail of Taph {+Blink Int+2}
  2743 | D:4      | Found a sparkling altar of Nemelex Xobeh.
  2768 | D:4      | Noticed a sky beast
  2780 | D:4      | Killed a sky beast
  2781 | D:4      | Reached XP level 7. HP: 48/56 MP: 7/7
  2847 | D:4      | Reached skill level 6 in Axes
  3034 | D:4      | Found a blossoming altar of Fedhas.
  3333 | D:4      | Reached skill level 7 in Axes
  3333 | D:4      | Reached XP level 8. HP: 40/64 MP: 8/8
  3571 | D:5      | Found a staircase to the Ecumenical Temple.
  3580 | Temple   | Entered the Ecumenical Temple
  3629 | Temple   | Became a worshipper of Cheibriados the Contemplative
  3693 | D:5      | Identified the +1 whip of the Girdle {heavy, *Noise rElec
                  | rPois Stlth+}
  3723 | D:5      | Reached skill level 1 in Invocations
  4040 | D:5      | Reached skill level 8 in Axes
  4161 | D:5      | Found a shimmering blue altar of Sif Muna.
  4324 | D:6      | Reached XP level 9. HP: 42/72 MP: 11/11
  4447 | D:6      | Reached * piety under Cheibriados
  4568 | D:6      | Reached skill level 9 in Axes
  4994 | D:7      | Found a bloodstained altar of Trog.
  5177 | D:7      | Found an ancient bone altar of Kikubaaqudgha.
  5206 | D:7      | Found a flagged portal.
  5242 | Bailey   | Entered a bailey
  5360 | Bailey   | Noticed a two-headed ogre
  5375 | Bailey   | Reached skill level 5 in Invocations
  5383 | Bailey   | Killed a two-headed ogre
  5384 | Bailey   | Reached skill level 10 in Axes
  5384 | Bailey   | Reached XP level 10. HP: 53/82 MP: 12/14
  5388 | Bailey   | Reached ** piety under Cheibriados
  5763 | D:7      | Found Ifubea's Assorted Antiques.
  5768 | D:7      | Bought a scroll labelled POASYS YWYUTSUSO for 33 gold
                  | pieces
  5768 | D:7      | Bought a scroll labelled POASYS YWYUTSUSO for 33 gold
                  | pieces
  5768 | D:7      | Bought a scroll labelled QUMEIR MAAMEAR for 33 gold pieces
  5963 | D:8      | Reached skill level 11 in Axes
  6229 | D:8      | Noticed Gastronok
  6254 | D:8      | Killed Gastronok
  6434 | D:8      | Reached XP level 11. HP: 43/89 MP: 16/16
  6850 | D:8      | Reached *** piety under Cheibriados
  6856 | D:8      | Reached skill level 12 in Axes
  7130 | D:9      | Found a hide-covered altar of Uskayaw.
  7171 | D:9      | Found a staircase to the Orcish Mines.
  7176 | D:9      | Reached skill level 10 in Fighting
  7195 | D:9      | Found Zoca's Armour Shoppe.
  7487 | D:9      | Found a broken altar of Ashenzari.
  7628 | D:9      | Noticed a two-headed ogre
  7635 | D:9      | Killed a two-headed ogre
  7635 | D:9      | Reached **** piety under Cheibriados
  7828 | D:9      | Found a burning altar of Makhleb.
  7945 | D:9      | Found a white marble altar of Elyvilon.
  8199 | D:10     | Entered Level 10 of the Dungeon
  8378 | D:10     | Reached skill level 13 in Axes
  8663 | D:10     | Reached ***** piety under Cheibriados
  8795 | D:10     | Noticed a two-headed ogre
  8803 | D:10     | Noticed Maurice
  8805 | D:10     | Killed a two-headed ogre
  8812 | D:10     | Killed Maurice
  9029 | D:10     | Reached XP level 12. HP: 78/99 MP: 19/19
 10018 | D:11     | Reached skill level 10 in Invocations
 10179 | D:11     | Noticed a two-headed ogre
 10185 | D:11     | Killed a two-headed ogre
 10186 | D:11     | Reached skill level 14 in Axes
 10309 | D:11     | Found a staircase to the Lair.
 10316 | D:11     | Identified the +3 ring mail of Neiwkiw {Contam Harm +Inv
                  | Stlth+}
 10786 | D:11     | Noticed Nergalle
 10799 | D:11     | Killed Nergalle
 11338 | D:12     | Noticed a two-headed ogre
 11345 | D:12     | Killed a two-headed ogre
 11359 | D:12     | Noticed a boulder beetle
 11370 | D:12     | Killed a boulder beetle
 11790 | D:12     | Found Utethi's Self-Improvement Boutique.
 11845 | D:12     | Noticed a two-headed ogre
 11845 | D:12     | Noticed a four-headed hydra
 11855 | D:12     | Killed a two-headed ogre
 11856 | D:12     | Reached skill level 15 in Axes
 11856 | D:12     | Reached XP level 13. HP: 69/108 MP: 17/21
 11861 | D:12     | HP: 3/108 [12-headed hydra (5)]
 11863 | D:12     | Slain by a 12-headed hydra

Illustrated notes

Levels and vault maps discovered:
D:1:      saegor_arrival_simple_a, layout_basic, kennysheep_another_room
D:2:      layout_loops_ring, minmay_cupped
D:3:      layout_rooms, nicolae_qazlal_general_emergency
D:4:      layout_rooms, nemelex_diamond_rough_becter, fedhas_altar_4
D:5:      layout_basic, mainiacjoe_overflow_cross_hatched,
          lemuel_temple_firewalk_b, st_stairs_3, minivault_24, minmay_checkerbox
D:6:      layout_basic
D:7:      layout_rooms, mainiacjoe_overflow_tiny_flanked,
          lightli_temple_of_fire, enter_bailey_8, serial_shops,
          nicolae_shop_hallway_plus
D:8:      layout_loops_cross, fungi_pond_lemuel, grunt_ministairs_2,
          uniq_gastronok
D:9:      layout_cave_pods, nicolae_ashenzari_panopticon,
          nicolae_uskayaw_murder_on_the_dancefloor, bloody_makhleb,
          overflow_temple_1_default, orc_david_3
D:10:     cheibrodos_orc_bank, layout_basic, uniq_maurice
D:11:     layout_gridville, hellmonk_lair_entry_icy, uniq_nergalle
D:12:     layout_irregular_city, nicolae_shop_self_help
Temple:   hellmonk_temple_forest_ring

Skill      XL: |  1  2  3  4  5  6  7  8  9 10 11 12 |
---------------+-------------------------------------+-----
Axes           | 3 4 5 7 8 10 11 13 15 | 15.0
Fighting       | 4 5 6 7 8 9 10 12 | 12.1
Invocations    | 3 5 7 9 11 | 11.2
Armour         | |  3.2
Shields        | |  4.0

Action                     |  1- 3 |  4- 6 |  7- 9 | 10-12 | 13-15 || total
---------------------------+-------+-------+-------+-------+-------++-------
  Melee: War axe           |   102 |    86 |    85 |   204 |     3 ||   480
         Spear             |       |    58 |   243 |    26 |       ||   327
         Battleaxe         |       |       |       |   337 |       ||   337
  Throw: Dart              |       |       |     2 |    13 |       ||    15
 Invoke: Bend Time         |       |       |       |     3 |       ||     3
         Temporal Distorti |       |       |       |     3 |       ||     3
         Slouch            |       |       |       |     2 |     1 ||     3
         Step From Time    |       |       |       |       |     1 ||     1
Ability: Dig               |       |       |       |     2 |       ||     2
         Shaft Self        |       |       |       |       |     1 ||     1
  Evoke: Wand              |       |       |       |     7 |     1 ||     8
    Use: Scroll            |       |       |     6 |     2 |       ||     8
         Potion            |       |       |     1 |     1 |     1 ||     3
 Armour: Scale mail        |    69 |    50 |       |       |       ||   119
         Chain mail        |       |     8 |   219 |   352 |    34 ||   613
  Dodge: Dodged            |    51 |    48 |   120 |   183 |     5 ||   407
  Block: Buckler           |    26 |    29 |    71 |   156 |     5 ||   287

Table legend: (Time is in decaauts)
 A = Elapsed time spent in this place.
 B = Non-inter-level travel time spent in this place.
 C = Inter-level travel time spent in this place.
 D = Time resting spent in this place.
 E = Time spent auto-exploring this place.
 F = Levels seen in this place.
 G = Mean time per level.
                   A        B        C        D        E       F      G
               +--------+--------+--------+--------+--------+-----+--------+
         Total |  15040 |  14507 |    533 |    929 |  10836 |  14 | 1074.3 |
       Dungeon |  14537 |  14030 |    507 |    788 |  10729 |  12 | 1211.4 |
        Temple |     76 |     51 |     25 |      0 |     37 |   1 |   76.0 |
        Bailey |    427 |    427 |      0 |    141 |     69 |   1 |  427.0 |
               +--------+--------+--------+--------+--------+-----+--------+

Top non-repeatable levels by time:
    D:11: 2293 daAuts
    D:10: 1962 daAuts
     D:9: 1583 daAuts
     D:8: 1476 daAuts
     D:6: 1200 daAuts
    D:12: 1085 daAuts
     D:4: 947 daAuts
     D:5: 945 daAuts
     D:7: 874 daAuts
     D:2: 788 daAuts
     D:1: 776 daAuts
     D:3: 605 daAuts
  Bailey: 427 daAuts
  Temple: 76 daAuts
